Map: Eternal Empire LE

Players

ShoWTimE

  • Race: Protoss Protoss
  • League: Grandmaster
  • Spawn Location: 1:00

LiquidMaNa (MaNa) - Winner!

  • Race: Protoss Protoss
  • League: Grandmaster
  • Spawn Location: 7:00

Event: Shopify TSL 5

VOD

Have the link to the VOD?

Description

Time

  • Played on: May 17, 2020, 12:50 p.m.
  • Length: 10:15

All games in this series

Show
View Real Time Build Order
Export as new Build Order

ShoWTimE Protoss 

Build Orders: Phoenix Opening, Zealot Archon 

Get SALT Encoding   

  12  0:00  Probe  
  13  0:12  Probe  
  14  0:19  Pylon  
  14  0:24  Probe (Chrono Boost)  
  15  0:38  Probe (Chrono Boost)  
  15  0:39  Gateway  
  16  0:45  Probe (Chrono Boost)  
  16  0:47  Assimilator  
  17  0:52  Probe  
  17  0:55  Assimilator  
  18  1:04  Probe (Chrono Boost)  
  19  1:11  Gateway  
  19  1:15  Probe (Chrono Boost)  
  20  1:19  Probe (Chrono Boost)  
  21  1:26  Cybernetics Core  
  21  1:30  Probe  
  22  1:35  Pylon  
  22  1:42  Probe  
  23  1:54  Probe  
  23  2:00  Warp Gate (Chrono Boost)  
  24  2:03  Adept x2  
  24  2:07  Probe  
  29  2:13  Pylon  
  29  2:33  Sentry x2  
  33  2:48  Nexus  
  33  2:49  Probe  
  34  2:57  Robotics Facility  
  34  3:01  Probe  
  35  3:06  Shield Battery  
  35  3:13  Probe  
  35  3:18  Phoenix  
  34  3:20  Pylon  
  34  3:25  Probe  
  35  3:30  Shield Battery  
  34  3:37  Probe  
  34  3:41  Stalker x2  
  39  3:46  Observer  
  40  3:50  Probe (Chrono Boost)  
  41  4:00  Probe (Chrono Boost), Shield Battery  
  43  4:03  Probe (Chrono Boost)  
  43  4:05  Probe (Chrono Boost)  
  44  4:12  Probe, Stalker  
  44  4:13  Shield Battery  
  44  4:16  Probe  
  46  4:24  Probe (Chrono Boost)  
  46  4:28  Probe (Chrono Boost)  
  43  4:32  Forge  
  43  4:35  Twilight Council  
  43  4:36  Probe (Chrono Boost)  
  45  4:40  Probe (Chrono Boost)  
  45  4:41  Shield Battery  
  45  4:43  Probe (Chrono Boost)  
  45  4:44  Adept  
  47  4:46  Adept, Probe (Chrono Boost)  
  47  4:50  Probe  
  48  4:58  Probe, Assimilator  
  49  5:02  Probe, Assimilator  
  49  5:04  Shield Battery  
  49  5:06  Protoss Ground Weapons Level 1 (Chrono Boost)  
  50  5:13  Probe (Chrono Boost)  
  51  5:14  Probe (Chrono Boost), Warp Prism  
  54  5:22  Charge  
  54  5:25  Probe (Chrono Boost)  
  54  5:27  Probe (Chrono Boost)  
  56  5:31  Sentry  
  56  5:32  Gateway  
  56  5:33  Probe  
  56  5:35  Probe  
  60  5:37  Pylon  
  60  5:45  Gateway  
  60  5:47  Phoenix  
  56  5:57  Templar Archives  
  56  6:04  Gateway  
  56  6:05  Gateway  
  56  6:16  Probe  
  57  6:23  Pylon  
  57  6:25  Pylon  
  57  6:32  Gateway  
  57  6:33  High Templar x2  
  57  6:34  Gateway  
  57  6:36  High Templar  
  62  6:40  High Templar  
  62  6:41  Archon  
  62  6:44  Archon  
  64  6:47  Probe  
  64  6:50  Shield Battery  
  65  6:59  Pylon  
  65  7:04  Zealot x2  
  69  7:12  Zealot x3  
  75  7:17  Zealot  
  75  7:19  Pylon  
  75  7:24  Probe x2  
  75  7:25  Pylon  
  73  7:30  High Templar x4  
  73  7:33  Protoss Ground Weapons Level 2 (Chrono Boost)  
  73  7:34  Archon x2  
  80  7:45  Probe  
  80  7:46  Probe  
  80  7:48  Nexus  
  79  7:52  Pylon  
  79  7:54  Zealot x4  
  79  7:58  Probe  
  83  8:09  Probe  
  83  8:10  Probe  
  85  8:14  High Templar  
  85  8:15  High Templar  
  85  8:18  Zealot x2  
  91  8:21  Archon  
  91  8:22  Probe x2  
  93  8:30  Shield Battery  
  93  8:34  Probe  
  93  8:38  High Templar x2  
  93  8:39  Zealot  
  100  8:43  Archon  
  100  8:55  High Templar  
  102  8:58  Pylon  
  102  8:59  Pylon  
  102  9:00  High Templar, Zealot x3  
  110  9:04  Probe  
  110  9:06  Archon  
  110  9:09  Zealot  
  113  9:11  Zealot  
  113  9:15  Zealot  
  99  9:22  Zealot x2  
  91  9:28  Zealot  
  91  9:30  Zealot  
  81  9:37  High Templar x2  
  64  9:41  Archon  
  64  9:42  Zealot x2  
  68  9:49  Zealot x2  
  68  9:51  High Templar  
  74  9:53  High Templar  
  74  9:57  Archon  
  76  10:05  Zealot x2  
Show
View Real Time Build Order
Export as new Build Order

LiquidMaNa Protoss - Winner!

Build Orders: Zealot Archon 

Get SALT Encoding   

  12  0:00  Probe  
  13  0:12  Probe  
  14  0:18  Pylon  
  14  0:24  Probe (Chrono Boost)  
  15  0:36  Probe (Chrono Boost)  
  15  0:38  Gateway  
  16  0:45  Probe (Chrono Boost)  
  16  0:47  Assimilator  
  17  0:51  Probe  
  17  0:54  Assimilator  
  18  1:03  Probe (Chrono Boost)  
  19  1:07  Gateway  
  19  1:13  Probe (Chrono Boost)  
  19  1:18  Probe (Chrono Boost)  
  21  1:26  Cybernetics Core  
  21  1:30  Probe  
  22  1:36  Pylon  
  22  1:42  Probe  
  23  1:54  Probe  
  23  2:01  Warp Gate (Chrono Boost)  
  24  2:03  Adept x2  
  24  2:06  Probe  
  29  2:14  Pylon  
  29  2:35  Adept x2  
  32  2:48  Nexus  
  32  2:49  Probe  
  33  2:59  Shield Battery  
  33  3:01  Probe  
  34  3:09  Pylon  
  33  3:18  Probe  
  30  3:30  Probe  
  31  3:42  Adept x2, Probe  
  36  3:51  Robotics Facility  
  36  3:53  Forge  
  36  3:54  Probe (Chrono Boost)  
  37  4:02  Probe (Chrono Boost)  
  39  4:04  Probe (Chrono Boost)  
  39  4:09  Probe (Chrono Boost)  
  40  4:11  Probe (Chrono Boost)  
  40  4:14  Sentry x2  
  45  4:17  Probe  
  45  4:21  Probe  
  45  4:31  Protoss Ground Weapons Level 1  
  45  4:32  Probe (Chrono Boost)  
  45  4:33  Probe (Chrono Boost)  
  46  4:44  Probe (Chrono Boost)  
  48  4:45  Probe (Chrono Boost)  
  48  4:48  Probe (Chrono Boost)  
  47  4:53  Probe  
  47  4:55  Immortal (Chrono Boost)  
  47  4:59  Probe  
  51  5:05  Probe  
  52  5:11  Probe  
  52  5:13  Twilight Council, Assimilator  
  53  5:15  Assimilator  
  53  5:17  Probe  
  54  5:23  Probe  
  54  5:27  Immortal (Chrono Boost), Pylon  
  59  5:34  Probe  
  60  5:35  Probe  
  60  5:37  Pylon  
  61  5:45  Shield Battery  
  61  5:46  Probe  
  61  5:50  Probe  
  61  5:58  Probe  
  61  6:02  Probe  
  61  6:03  Warp Prism (Chrono Boost)  
  63  6:04  Charge  
  63  6:06  Templar Archives  
  65  6:16  Gateway  
  65  6:18  Shield Battery  
  65  6:19  Gateway  
  65  6:24  Pylon  
  65  6:29  Probe x2  
  65  6:32  Observer  
  68  6:35  Gateway  
  68  6:36  Protoss Ground Weapons Level 2 (Chrono Boost)  
  68  6:41  Probe  
  68  6:44  Probe  
  70  6:48  High Templar x2  
  70  6:53  Probe  
  70  6:54  Archon  
  75  6:58  Gateway  
  75  6:59  Gateway  
  69  7:16  Probe  
  69  7:21  Immortal  
  72  7:30  High Templar x2  
  72  7:31  High Templar x2  
  72  7:32  Probe  
  72  7:33  Probe  
  72  7:35  Archon x2  
  78  7:39  Pylon  
  78  7:40  Pylon  
  78  8:00  Stalker x3  
  78  8:02  Probe  
  80  8:11  Zealot x4  
  88  8:14  Probe  
  89  8:24  Zealot x3  
  95  8:28  Nexus  
  95  8:29  Pylon  
  95  8:31  Pylon  
  95  8:36  Pylon  
  95  8:38  Zealot x3  
  100  8:48  Stalker  
  100  8:49  Stalker  
  98  8:56  High Templar x2  
  98  8:58  High Templar  
  98  8:59  High Templar  
  98  9:01  Archon  
  106  9:02  Archon  
  106  9:03  Zealot  
  106  9:09  Probe  
  99  9:22  Zealot x2  
  99  9:24  Zealot  
  91  9:33  Zealot x3  
  85  9:45  High Templar x4  
  93  9:49  Archon x2  
  93  9:53  Zealot x2  
  93  9:54  Zealot  
Tags
 
Add a new tag
Caveats
  • Supply blocks, unpowered buildings, or Contaminate may cause inaccurate times.
  • Supply counts are checked every 10 seconds.